Map: Echo LE (Void)

Players

llllllllllll - Winner!

  • Race: Protoss Protoss
  • League: Diamond
  • Spawn Location: 11:00

Markam

  • Race: Zerg Zerg
  • League: Diamond
  • Spawn Location: 5:00

VOD

Have the link to the VOD?

Description

Time

  • Played on: Jan. 1, 2017, 1:43 p.m.
  • Length: 18:00
Show
View Real Time Build Order
Export as new Build Order

llllllllllll Protoss - Winner!

Build Orders: Forge Fast Expand (FFE) 

Get SALT Encoding   

  12  0:01  Probe (Chrono Boost)  
  13  0:11  Probe (Chrono Boost)  
  14  0:24  Pylon  
  14  0:26  Probe (Chrono Boost)  
  16  0:42  Probe (Chrono Boost)  
  16  0:48  Forge  
  16  0:53  Probe (Chrono Boost)  
  17  1:04  Probe (Chrono Boost)  
  18  1:12  Pylon  
  18  1:30  Nexus  
  18  1:31  Probe (Chrono Boost)  
  19  1:41  Probe (Chrono Boost)  
  19  1:45  Gateway  
  19  1:46  Pylon  
  20  1:49  Pylon  
  20  1:54  Photon Cannon  
  20  2:03  Probe (Chrono Boost)  
  20  2:06  Assimilator  
  21  2:08  Assimilator  
  21  2:14  Probe (Chrono Boost)  
  22  2:18  Pylon  
  22  2:32  Cybernetics Core  
  22  2:34  Probe (Chrono Boost)  
  23  2:45  Probe (Chrono Boost)  
  24  2:52  Pylon  
  24  2:54  Probe (Chrono Boost)  
  24  2:55  Assimilator  
  24  2:56  Probe (Chrono Boost)  
  26  3:04  Probe (Chrono Boost)  
  27  3:06  Photon Cannon  
  27  3:15  Probe (Chrono Boost)  
  29  3:22  Mothership Core (Chrono Boost)  
  29  3:25  Probe (Chrono Boost)  
  31  3:27  Assimilator  
  31  3:36  Probe (Chrono Boost)  
  32  3:49  Probe (Chrono Boost)  
  32  3:50  Probe (Chrono Boost)  
  34  3:58  Stargate  
  34  4:00  Probe (Chrono Boost), Stargate  
  34  4:01  Probe (Chrono Boost)  
  36  4:05  Warp Gate  
  36  4:08  Stargate  
  36  4:10  Probe (Chrono Boost)  
  36  4:13  Probe (Chrono Boost)  
  38  4:22  Stalker  
  40  4:26  Probe (Chrono Boost)  
  41  4:36  Probe (Chrono Boost)  
  42  4:40  Photon Cannon  
  42  4:47  Probe (Chrono Boost)  
  42  4:49  Oracle x2  
  49  4:58  Oracle  
  53  5:08  Probe (Chrono Boost)  
  53  5:12  Pylon  
  53  5:20  Probe (Chrono Boost)  
  54  5:25  Oracle x2  
  60  5:31  Oracle  
  60  5:32  Probe (Chrono Boost)  
  64  5:44  Photon Cannon  
  64  5:48  Photon Cannon  
  64  5:53  Probe (Chrono Boost)  
  64  5:56  Probe (Chrono Boost)  
  66  6:01  Oracle  
  69  6:09  Probe (Chrono Boost)  
  70  6:19  Pylon  
  70  6:21  Photon Cannon  
  70  6:25  Photon Cannon  
  70  6:32  Oracle  
  70  6:36  Oracle  
  76  6:45  Photon Cannon  
  76  6:48  Photon Cannon, Pylon  
  76  7:03  Oracle  
  76  7:05  Oracle  
  82  7:10  Pylon x2  
  82  7:12  Pylon  
  82  7:15  Nexus  
  82  7:18  Assimilator  
  82  7:19  Assimilator, Oracle  
  85  7:26  Photon Cannon, Pylon  
  85  7:30  Robotics Facility  
  85  7:36  Robotics Facility  
  91  7:56  Void Ray  
  91  7:57  Void Ray  
  85  8:02  Void Ray  
  96  8:38  Void Ray  
  96  8:39  Void Ray, Robotics Bay  
  104  9:11  Nexus  
  104  9:21  Probe (Chrono Boost)  
  105  9:25  Colossus x2  
  117  9:31  Probe (Chrono Boost)  
  118  9:46  Void Ray  
  118  9:52  Void Ray  
  126  9:56  Extended Thermal Lance  
  126  10:01  Void Ray  
  130  10:15  Photon Cannon  
  130  10:18  Photon Cannon  
  130  10:43  Colossus x2  
  130  10:48  Pylon  
  142  10:50  Pylon  
  142  10:53  Assimilator  
  142  10:58  Assimilator  
  142  11:00  Fleet Beacon  
  142  11:03  Probe (Chrono Boost)  
  143  11:06  Probe (Chrono Boost)  
  144  11:15  Probe (Chrono Boost)  
  144  11:16  Probe (Chrono Boost)  
  149  11:54  Colossus  
  159  12:01  Carrier  
  161  12:09  Carrier  
  109  12:54  Carrier  
  111  13:06  Mothership Core (Chrono Boost)  
  111  13:11  Stargate  
  117  13:17  Stargate  
  107  13:21  Stargate  
  107  13:22  Stargate  
  104  13:30  Probe (Chrono Boost)  
  104  13:33  Carrier  
  111  13:40  Probe (Chrono Boost)  
  112  13:43  Carrier  
  124  13:49  Pylon  
  124  13:51  Probe (Chrono Boost), Pylon  
  124  13:53  Pylon  
  125  13:57  Carrier  
  125  14:01  Probe (Chrono Boost), Graviton Catapult, Carrier  
  138  14:12  Probe (Chrono Boost)  
  136  14:33  Carrier x2  
  148  14:44  Probe (Chrono Boost)  
  149  14:51  Pylon  
  149  14:53  Pylon  
  149  14:55  Pylon  
  149  15:22  Carrier  
  146  15:32  Photon Cannon  
  146  15:34  Photon Cannon  
  145  15:36  Photon Cannon  
  145  15:38  Photon Cannon, Carrier  
  145  15:40  Photon Cannon  
  140  16:14  Probe (Chrono Boost)  
  141  16:22  Carrier x2  
  141  16:25  Probe (Chrono Boost), Pylon  
  154  16:27  Pylon  
  154  16:29  Pylon  
  154  16:35  Probe (Chrono Boost)  
  155  16:46  Probe (Chrono Boost)  
  156  16:56  Probe (Chrono Boost)  
  157  17:07  Probe (Chrono Boost)  
Show
View Real Time Build Order
Export as new Build Order

Markam Zerg 

Build Orders: Hatch First 

Get SALT Encoding   

  12  0:01  Drone  
  13  0:13  Overlord  
  13  0:16  Drone  
  14  0:31  Drone x2  
  14  0:35  Drone  
  17  0:55  Hatchery  
  16  0:57  Drone  
  16  1:00  Drone  
  18  1:15  Spawning Pool  
  17  1:26  Overlord  
  17  1:37  Extractor  
  17  1:40  Drone x2  
  18  2:01  Queen  
  18  2:04  Zergling x4  
  18  2:06  Drone  
  18  2:08  Queen  
  25  2:10  Drone  
  26  2:18  Drone x2  
  28  2:33  Drone  
  29  2:40  Hatchery  
  28  2:45  Metabolic Boost  
  28  2:49  Drone  
  29  2:51  Drone  
  29  2:56  Drone  
  29  2:57  Drone  
  32  2:59  Drone  
  33  3:17  Drone  
  33  3:18  Drone x2  
  35  3:27  Overlord  
  35  3:34  Overlord  
  35  3:35  Extractor  
  34  3:45  Queen  
  34  3:48  Drone  
  37  3:49  Drone x5  
  37  3:53  Roach Warren  
  41  4:02  Queen, Drone  
  42  4:03  Drone  
  42  4:04  Drone x5  
  50  4:10  Overlord  
  50  4:13  Lair  
  50  4:20  Spore Crawler  
  50  4:23  Spore Crawler  
  48  4:26  Drone x2, Spore Crawler  
  49  4:35  Roach x3  
  49  4:36  Roach x2  
  59  4:41  Drone x3  
  59  4:42  Drone  
  59  4:43  Drone  
  64  4:58  Overlord x2, Drone  
  65  5:06  Overlord x2  
  65  5:12  Glial Reconstitution  
  65  5:13  Evolution Chamber  
  64  5:16  Queen  
  64  5:18  Drone  
  64  5:19  Drone x2  
  70  5:21  Drone x4  
  70  5:25  Extractor  
  70  5:26  Drone x4, Extractor  
  70  5:27  Roach x2  
  79  5:34  Zergling x4  
  81  5:45  Overlord x2  
  81  5:50  Roach x4  
  81  5:53  Overlord x3  
  89  6:02  Overlord  
  89  6:04  Zerg Missile Weapons Level 1  
  89  6:05  Roach x3  
  89  6:08  Roach  
  89  6:09  Zergling x6  
  100  6:15  Drone x4  
  100  6:17  Overlord  
  104  6:26  Ravager x2  
  104  6:27  Zergling x10  
  109  6:33  Queen  
  109  6:37  Spore Crawler  
  94  6:41  Spore Crawler  
  94  6:43  Spore Crawler  
  92  6:51  Hydralisk Den  
  90  7:14  Hatchery  
  89  7:18  Drone x8  
  89  7:19  Drone x2  
  99  7:38  Muscular Augments  
  99  7:39  Hydralisk  
  99  7:40  Hydralisk x5  
  111  7:47  Drone  
  111  7:48  Drone x5  
  117  8:10  Hatchery  
  95  8:24  Hydralisk  
  95  8:25  Hydralisk x4  
  89  8:29  Drone x5  
  76  8:38  Drone  
  76  8:39  Drone x4  
  81  8:44  Queen, Zerg Ground Armor Level 1  
  83  8:49  Evolution Chamber, Hydralisk  
  83  8:50  Zergling x6  
  83  8:51  Zergling x2  
  81  9:07  Drone  
  81  9:08  Drone x4  
  86  9:12  Drone  
  86  9:13  Drone x5  
  92  9:21  Hydralisk x3  
  98  9:30  Drone x3  
  101  9:33  Hydralisk x3  
  107  9:49  Hatchery  
  107  9:50  Extractor  
  107  9:52  Lair, Extractor  
  105  9:55  Roach  
  105  9:56  Roach x6  
  118  10:07  Roach  
  118  10:08  Roach x7  
  118  10:10  Overlord  
  134  10:34  Roach x9  
  152  10:46  Overlord  
  152  10:47  Overlord x2  
  152  10:49  Zerg Missile Weapons Level 2  
  152  11:02  Hydralisk Den  
  151  11:07  Zergling x8  
  151  11:08  Zergling x16  
  158  11:37  Hydralisk  
  158  11:38  Hydralisk x10  
  176  11:57  Hydralisk  
  176  12:00  Overlord x3  
  178  12:07  Spore Crawler  
  177  12:13  Queen  
  163  12:27  Hydralisk  
  163  12:28  Hydralisk x14  
  136  12:48  Hydralisk  
  136  12:49  Hydralisk x4  
  116  13:01  Hydralisk x5  
  116  13:04  Overlord x3  
  122  13:12  Roach x3  
  110  13:23  Roach  
  110  13:24  Roach x6  
  110  13:25  Hatchery  
  111  13:35  Hydralisk x3  
  111  13:36  Hydralisk x2  
  121  13:51  Queen, Hatchery  
  122  13:58  Zerg Ground Armor Level 2  
  122  14:03  Hydralisk x2  
  122  14:04  Hydralisk x2  
  130  14:26  Spore Crawler  
  130  14:29  Zergling x2, Spore Crawler  
  130  14:30  Zergling x10  
  134  14:36  Hydralisk  
  134  14:37  Hydralisk x9  
  154  14:50  Zergling x4  
  156  14:59  Spore Crawler  
  155  15:03  Spore Crawler x2  
  155  15:04  Zergling x2  
  155  15:05  Zergling x4  
  140  15:28  Hydralisk  
  140  15:29  Hydralisk x5  
  154  15:42  Roach x2  
  154  15:43  Roach  
  156  15:52  Spore Crawler  
  153  16:09  Ravager x2  
  153  16:10  Ravager x6  
  159  16:31  Overseer  
  159  16:46  Hatchery  
  150  17:23  Ravager  
  150  17:24  Ravager x4  
Tags
 
Add a new tag
Caveats
  • Supply blocks, unpowered buildings, or Contaminate may cause inaccurate times.
  • Supply counts are checked every 10 seconds.